 Dungeon Crawl Stone Soup version 0.28-a0-1241-gf280a0fbb2 (webtiles) character file.

Game seed: 251996743265014238

1339 Grim the Fighter (level 8, -4/66 HPs)
             Began as a Djinni Ice Elementalist on Dec 26, 2021.
             Was an Initiate of Cheibriados.
             Slain by Harold (11 damage)
             ... on level 7 of the Dungeon.
             The game lasted 00:23:33 (10163 turns).

Grim the Fighter (Djinni Ice Elementalist)         Turns: 10163, Time: 00:23:33

Health: -4/66      AC:  2    Str:  8    XL:     8   Next: 93%
Gold:   287        EV:  6    Int: 20    God:    Cheibriados [......] SH:  0 Dex: 15

rFire   + + .      SeeInvis .   k - +0 whip (vamp)
rCold   x . .      Faith    .   (no shield)
rNeg    . . .      Spirit   .   a - +0 robe
rPois   ∞          Reflect  .   (no helmet)
rElec   .          Harm     .   (no cloak)
rCorr   .          Rampage  .   (no gloves)
Will    .....                   (boots unavailable)
Stlth   +.........              (no amulet)
HPRegen 0.21/turn               (no ring)
MPRegen 0.00/turn               (no ring)

@: confused, ambrosia-drunk, marked, freezing walls, flying, held, very slow
A: sickness immunity, fire resistance 2, cold vulnerability 1, float, innate
caster, hp casting, extra vitality 1
a: Renounce Religion


You were on level 7 of the Dungeon.
You worshipped Cheibriados.
Cheibriados was noncommittal.
You visited 2 branches of the dungeon, and saw 8 of its levels.

You collected 287 gold pieces.

Inventory:

Hand Weapons
 e - a +0 short sword
 k - a +0 vampiric whip (weapon)
Missiles
 f - 174 stones
 l - 6 poisoned darts
 v - 2 throwing nets
 A - 4 curare-tipped darts
 B - 2 javelins (quivered)
 C - a silver javelin
 D - 4 boomerangs
Armour
 a - a +0 robe (worn)
Jewellery
 p - a ring of fire
Scrolls
 d - 7 scrolls of identify {unknown}
 g - 2 scrolls of teleportation {unknown}
 i - 2 scrolls of fog {unknown}
 j - 2 scrolls of vulnerability {unknown}
 x - a scroll of amnesia {unknown}
 y - 3 scrolls of brand weapon {unknown}
 z - 2 scrolls of immolation {unknown}
Potions
 b - a potion of haste
 c - 2 potions of attraction {unknown}
 h - 2 potions of ambrosia
 m - a potion of flight {unknown}
 n - a potion of curing {unknown}
 o - a potion of might {unknown}
 q - a potion of magic {unknown}
 r - a potion of berserk rage {unknown}
 s - a potion of invisibility {unknown}
 t - 2 potions of heal wounds {unknown}
 u - a potion of mutation {unknown}
 w - 2 potions of degeneration {unknown}


   Skills:
 * Level 8.5 Fighting
 - Level 2.1 Dodging
 - Level 1.5 Stealth
 + Level 5.1 Spellcasting
 + Level 1.6 Invocations


You had one spell level left.
You knew the following spells:

 Your Spells              Type           Power      Damage    Failure   Level
a - Freeze                Ice            100%       1d11      1%          1
b - Frozen Ramparts       Ice            50%        1d7       4%          3
c - Ozocubu's Armour      Ice            25%        N/A       4%          3
d - Hailstorm             Conj/Ice       25%        3d7       14%         4
e - Apportation           Tloc           50%        N/A       1%          1
f - Searing Ray           Conj           50%        2d6       2%          2
g - Poisonous Vapours     Pois/Air       50%        N/A       2%          2
Your spell library was empty.

Dungeon Overview and Level Annotations

Branches:
Dungeon (7/15)             Temple (1/1) D:6

Altars:
Ashenzari
Cheibriados
Dithmenos
Elyvilon
Fedhas
Gozag
Hepliaklqana
Kikubaaqudgha
Makhleb
Nemelex Xobeh
Okawaru
Qazlal
Ru
Sif Muna
Trog
Uskayaw
Vehumet
Wu Jian
Xom
Yredelemnul
Zin
The Shining One
Beogh

Shops:
D:6 (

Annotations:
D:6 2 transporters
D:7 Harold


Innate Abilities, Weirdness & Mutations

You are immune to sickness and miasma.
You are immune to poison.
Your flesh is very heat resistant. (rF++)
You are vulnerable to cold. (rC-)
You float through the air rather than walking.
You learn spells naturally, not from books.
Your magical power is your life essence.
You have superior vitality. (+4 MHP)


Message History

Aim: Harold, wielding a +1 vorpal flail, wearing a +3 scale mail of fire resistance and quivering 3 throwing nets (asleep) Poisonous vapours surround Harold!
Harold is poisoned.
Harold shouts!
Casting: Poisonous Vapours (safe; 2% risk of failure)
Confirm with . or Enter, or press ? or * to list all spells.
Aiming: Poisonous Vapours (safe; 2% risk of failure)
Press: ? - help, Dir - move target, f/p - Harold
Aim: Harold, wielding a +1 vorpal flail, wearing a +3 scale mail of fire resistance and quivering 3 throwing nets (lightly wounded, very poisoned) Poisonous vapours surround Harold!
Harold looks even sicker.
Harold drinks a potion.
Harold seems to speed up.
Harold throws a throwing net.
The throwing net hits you.
You become entangled in the net!
You see here a throwing net.
You tear a large gash into the net.
You struggle against the net.
Harold points at you and mumbles some strange words.
A sentinel's mark forms upon you.
You struggle against the net.
Casting: Poisonous Vapours (safe; 2% risk of failure)
Confirm with . or Enter, or press ? or * to list all spells.
Aiming: Poisonous Vapours (safe; 2% risk of failure)
Press: ? - help, Dir - move target, f/p - Harold
Aim: Harold, wielding a +1 vorpal flail, wearing a +3 scale mail of fire resistance and quivering 2 throwing nets (lightly wounded, fast, very poisoned) Poisonous vapours surround Harold!
Harold looks as sick as possible!
Harold hits you with a +1 vorpal flail!!
* * * LOW HITPOINT WARNING * * *
Casting: Poisonous Vapours (safe; 2% risk of failure)
Confirm with . or Enter, or press ? or * to list all spells.
Casting: Frozen Ramparts (dangerous; 4% risk of failure)
Press: ? - help, Dir - look around, f - activate The walls around you are covered in ice.
* * * LOW HITPOINT WARNING * * *
The wall freezes Harold.
Harold hits you with a +1 vorpal flail!!
* * * LOW HITPOINT WARNING * * *
x2 It was a potion of ambrosia.
You are confused.
You feel invigorated.
The wall freezes Harold.
Harold hits you with a +1 vorpal flail!
You die...

#.....# #..(..## ##
##......# ..
####..####.#####
.##.######....##
#.....###
............####
#........
####...#.#....#
#........
##....####.####........
#...@@........####.#..
#.#######...#.........
... ###....###.... #.##
#....# #.#.. ... #....#
#.#.. .## ###### #.#.#
#.#.#


You could see Harold (fast, extremely poisoned).

Vanquished Creatures
  A water moccasin (D:6)
  2 necrophages
  2 ogres
  A bullfrog (D:6)
  2 scorpions
  A bullfrog zombie (D:3)
  2 jellies
  3 hounds
  A bullfrog skeleton (D:3)
  An orc priest (D:5)
  Jessica (D:2)
  An iguana (D:5)
  6 orc wizards
  7 gnolls
  9 adders
  An adder skeleton (D:4)
  3 worms (D:2)
  4 dart slugs
  21 orcs
  7 ball pythons
  10 endoplasms
  3 giant cockroaches
  2 hobgoblins
  5 jackals
  A quokka (D:2)
  3 bats
  A frilled lizard (D:1)
  6 goblins
  7 kobolds
  5 rats
119 creatures vanquished.

Vanquished Creatures (others)
  A plant (D:6)
1 creature vanquished.

Grand Total: 120 creatures vanquished

Notes
Turn   | Place    | Note
-------+----------+-------------------------------------------
     0 | D:1      | Grim the Djinni Ice Elementalist began the quest for the
                  | Orb.
     0 | D:1      | Reached XP level 1. HP: 15/15 MP: 0/0
   484 | D:1      | Reached skill level 1 in Fighting
   484 | D:1      | Reached XP level 2. HP: 19/22 MP: 0/0
  1476 | D:1      | Reached XP level 3. HP: 16/28 MP: 0/0
  1476 | D:1      | Learned a level 1 spell: Apportation
  1642 | D:1      | Reached skill level 2 in Fighting
  1746 | D:1      | Found a faded altar of an unknown god.
  2544 | D:2      | Reached XP level 4. HP: 19/34 MP: 0/0
  2976 | D:2      | Reached skill level 3 in Fighting
  3287 | D:2      | Noticed Jessica
  3298 | D:2      | Killed Jessica
  3299 | D:2      | Reached XP level 5. HP: 33/40 MP: 0/0
  3299 | D:2      | Learned a level 2 spell: Searing Ray
  3868 | D:3      | Reached skill level 4 in Fighting
  4887 | D:3      | Reached XP level 6. HP: 41/48 MP: 0/0
  4944 | D:3      | Found a white marble altar of Elyvilon.
  5217 | D:3      | Found an ornate altar of the Wu Jian Council.
  5219 | D:3      | Found a shimmering altar of Xom.
  5221 | D:3      | Found a stormy altar of Qazlal.
  5221 | D:3      | Found a basalt altar of Yredelemnul.
  5221 | D:3      | Found a glowing golden altar of the Shining One.
  5223 | D:3      | Found a hazy altar of Hepliaklqana.
  5225 | D:3      | Found an opulent altar of Gozag.
  5226 | D:3      | Found a broken altar of Ashenzari.
  5721 | D:4      | Reached skill level 5 in Fighting
  6190 | D:4      | Noticed an ogre
  6201 | D:4      | Killed an ogre
  6202 | D:4      | Reached skill level 6 in Fighting
  6202 | D:4      | Reached XP level 7. HP: 30/56 MP: 0/0
  6202 | D:4      | Learned a level 2 spell: Poisonous Vapours
  6878 | D:5      | Entered Level 5 of the Dungeon
  7296 | D:5      | Reached skill level 7 in Fighting
  7431 | D:5      | Reached XP level 8. HP: 54/64 MP: 0/0
  8875 | D:6      | Found a staircase to the Ecumenical Temple.
  8895 | Temple   | Entered the Ecumenical Temple
  8980 | Temple   | Became a worshipper of Cheibriados the Contemplative
  9050 | D:6      | Reached skill level 8 in Fighting
  9248 | D:6      | Found a transporter.
  9250 | D:6      | Noticed an orc high priest
  9260 | D:6      | Found a transporter.
  9385 | D:6      | Reached skill level 5 in Spellcasting
  9385 | D:6      | Reached skill level 1 in Invocations
  9644 | D:6      | Noticed a kobold demonologist
  9736 | D:6      | Found Kaziad's Firing Range.
 10143 | D:7      | Noticed Harold
 10163 | D:7      | Slain by Harold

Illustrated notes

Levels and vault maps discovered:
D:1:      mrwooster_arrival_statue_3, layout_loops_cross,
          hellmonk_ecumenical_altar_defaced_shrine
D:2:      layout_basic, uniq_jessica
D:3:      layout_basic, mainiacjoe_overflow_alcove_4, minitemple
D:4:      layout_loops_cross
D:5:      layout_basic, serial_corexii_hall, chequers_hall_statues_corner_a,
          corexii_hall_statues_i
D:6:      gammafunk_wand_slinger, layout_loops_ring,
          mainiacjoe_overflow_concentric_impassable,
          minmay_temple_entry_gardened_gates, nicolae_shop_firing_range
D:7:      layout_rooms, nicolae_specific_store, uniq_harold, uniq_prince_ribbit1
Temple:   cyrus_temple_forest

Skill      XL: |  1  2  3  4  5  6  7  8 |
---------------+-------------------------+-----
Fighting       | 1 2 3 4 6 7 8 |  8.5
Spellcasting   | 4 5 |  5.1
Invocations    | 1 |  1.6
Dodging        | |  2.1
Stealth        | |  1.5

Action                   |  1- 3 |  4- 6 |  7- 9 || total
-------------------------+-------+-------+-------++-------
Melee: Short sword       |    12 |       |       ||    12
       Whip              |       |    17 |     7 ||    24
Throw: Stone             |    13 |    55 |    14 ||    82
       Dart              |       |    42 |     9 ||    51
       Javelin           |       |       |     2 ||     2
 Cast: Freeze            |    52 |    38 |    27 ||   117
       Frozen Ramparts   |     2 |    12 |    10 ||    24
       Ozocubu's Armour  |       |    10 |       ||    10
       Searing Ray       |       |     8 |    13 ||    21
       Poisonous Vapours |       |       |    49 ||    49
  Use: Potion            |       |       |     1 ||     1
 Stab: Sleeping          |     1 |     1 |       ||     2
Armor: Robe              |     8 |     7 |     4 ||    19
Dodge: Dodged            |    31 |    35 |    28 ||    94

Table legend: (Time is in decaauts)
 A = Elapsed time spent in this place.
 B = Non-inter-level travel time spent in this place.
 C = Inter-level travel time spent in this place.
 D = Time resting spent in this place.
 E = Time spent auto-exploring this place.
 F = Levels seen in this place.
 G = Mean time per level.
                   A        B        C        D        E       F      G
               +--------+--------+--------+--------+--------+-----+--------+
         Total |  10399 |  10080 |    319 |   4322 |   4540 |   8 | 1299.9 |
       Dungeon |  10262 |   9960 |    302 |   4322 |   4540 |   7 | 1466.0 |
        Temple |    137 |    120 |     17 |      0 |      0 |   1 |  137.0 |
               +--------+--------+--------+--------+--------+-----+--------+

Top non-repeatable levels by time:
     D:1: 2140 daAuts
     D:3: 1845 daAuts
     D:2: 1701 daAuts
     D:5: 1594 daAuts
     D:6: 1479 daAuts
     D:4: 1413 daAuts
  Temple: 137 daAuts
     D:7: 87 daAuts
